 Dungeon Crawl Stone Soup version 0.31-a0-45-g5f0c076935 (webtiles) character file.

Game seed: 2536974855151632255

896 porpoise the Cleaver (level 8, 0/71 HPs)
             Began as a Hill Orc Monk on May 22, 2023.
             Slain by a gnoll
             ... wielding a +0 whip
             ... led by a gnoll bouda
              (4 damage)
             ... on level 5 of the Dungeon.
             The game lasted 00:13:32 (4768 turns).

porpoise the Cleaver (Hill Orc Monk)                Turns: 4768, Time: 00:13:33

Health: 0/71       AC:  7    Str: 16    XL:     8   Next: 7%
Magic:  8/8        EV: 12    Int: 10    God:
Gold:   212        SH:  0    Dex: 19    Spells: 7/7 levels left

rFire   . . .        a - +0 hand axe
rCold   . . .        d - orb {light}
rNeg    . . .        e - +0 ring mail
rPois   .            z - +0 helmet
rElec   .            (no cloak)
rCorr   .            (no gloves)
SInv    .            (no boots)
Will    .....        (no amulet)
Stlth   +            w - +6 ring of dexterity
HPRegen 0.31/turn    E - ring of flight
MPRegen 0.11/turn

%: no passive effects
@: flying, glowing
A: no striking features
a: no special abilities


You were on level 5 of the Dungeon.
You visited 1 branch of the dungeon, and saw 5 of its levels.

You collected 212 gold pieces.

Inventory:

Hand Weapons
 a - a +0 hand axe (weapon)
 b - a +0 sling
Missiles
 f - 2 throwing nets (quivered)
 r - 4 boomerangs
 G - 6 poisoned darts
Armour
 d - an orb of light (worn)
 e - a +0 ring mail (worn)
 z - a +0 helmet (worn)
 B - a +0 plate armour
Jewellery
 i - a +6 ring of intelligence
 m - an amulet of faith
 w - a +6 ring of dexterity (left hand)
 E - a ring of flight (right hand)
Scrolls
 g - a scroll of noise {unknown}
 k - 2 scrolls of fog {unknown}
 l - a scroll of amnesia {unknown}
 p - a scroll of enchant weapon {unknown}
 s - 2 scrolls of teleportation {unknown}
 t - a scroll of summoning {unknown}
 u - 3 scrolls of enchant armour {unknown}
 A - a scroll of immolation {unknown}
 D - a scroll of vulnerability {unknown}
 F - a scroll of blinking {unknown}
Potions
 c - 4 potions of ambrosia
 h - 2 potions of might
 j - 3 potions of haste
 n - 2 potions of heal wounds
 o - a potion of mutation
 q - 6 potions of curing
 v - 2 potions of brilliance
 x - a potion of berserk rage {unknown}
 C - a potion of lignification {unknown}
Miscellaneous
 y - a piece from Xom's chessboard (15/15)


   Skills:
 + Level 6.6 Fighting
 * Level 8.8 Axes
 + Level 4.0 Armour
 - Level 3.1 Dodging


You had 7 spell levels left.
You didn't know any spells.
Your spell library contained the following spells:

 Spells                   Type           Power      Damage    Failure   Level
 Necrotise                Necr           0%         1d4       56%         1
 Slow                     Hex            0%         N/A       56%         1
 Scorch                   Fire           0%         2d5       71%         2
 Sublimation of Blood     Necr           0%         N/A       71%         2
 Wereblood                Tmut           0%         N/A       71%         2
 Confusing Touch          Hex            0%         N/A       90%         3
 Vampiric Draining        Necr           0%         2d6       90%         3
 Flame Wave               Conj/Fire      0%         2d4       100%        4
 Agony                    Necr           0%         N/A       100%        5
 Summon Cactus Giant      Summ           0%         N/A       100%        6
 Summon Hydra             Summ           0%         N/A       100%        7


Dungeon Overview and Level Annotations

Branches:
Dungeon (5/15)
 Temple: D:4-7

Altars:
Okawaru
Xom


Message History

You slash the gnoll bouda!
The gnoll bouda is moderately wounded.
You hit the worm. The gnoll completely misses you.
The gnoll closely misses you. The gnoll hits you with a +0 whip.
You hit the gnoll but do no damage. You hit the worm. You hit the gnoll bouda.
The gnoll hits you from afar with a +0 spear.
The gnoll bouda hits you with a +0 club.
The gnoll barely misses you. The worm bites you!
The gnoll hits you with a +0 whip.
The gnoll hits you from afar with a +0 spear!
The gnoll barely misses you.
You hit the gnoll.
The gnoll is moderately wounded.
The gnoll hits you with a +0 whip.
The gnoll hits you from afar with a +0 spear.
You hit the gnoll.
The gnoll is severely wounded.
You hit the worm.
You hit the gnoll bouda but do no damage.
The gnoll barely misses you. The gnoll hits you but does no damage.
The gnoll hits you from afar with a +0 spear.
The gnoll bouda hits you with a +0 club.
* * * LOW HITPOINT WARNING * * *
Unknown command.
The gnoll hits you with a +0 whip.
* * * LOW HITPOINT WARNING * * *
The gnoll hits you from afar with a +0 spear.
* * * LOW HITPOINT WARNING * * *
The gnoll hits you with a +0 spear.
* * * LOW HITPOINT WARNING * * *
The worm barely misses you. The gnoll hits you with a +0 spear.
* * * LOW HITPOINT WARNING * * *
The gnoll bouda hits you with a +0 club.
* * * LOW HITPOINT WARNING * * *
You slash the gnoll!
The gnoll is heavily wounded.
You hit the gnoll. You hit the worm but do no damage.
You hit the gnoll bouda but do no damage.
You hit the gnoll but do no damage. The gnoll hits you with a +0 whip.
You die...

8##...##8###8#..#.#
...............##.#
...............##.#
...............##.#
8##...##8###8#.##.######
# #...#### ###.........#
#8...8 #..........=#
##...# #....w......#
#...# #....@g.....#
#...ggg.....#
#.....g.....#
#...........#
#.#.........#
#.#.........# #
#.........# #.........#


You could see a gnoll bouda, a worm and 4 gnolls.

Vanquished Creatures
  An ice beast (D:5)
  2 black bears
  2 phantoms
  A howler monkey (D:4)
  A vampire bat (D:4)
  An orc priest (D:3)
  2 jellies
  An iguana (D:4)
  An orc wizard (D:3)
  9 adders
  An ufetubus (D:4)
  A worm (D:2)
  A dart slug (D:2)
  3 fire bats (D:4)
  8 orcs
  2 spectral bats (D:4)
  14 bats
  3 bat skeletons (D:4)
  A bat zombie (D:4)
  5 endoplasms
  4 giant cockroaches
  10 goblins
  3 hobgoblins
  10 jackals
  4 kobolds
  2 quokkas
  8 ball pythons
  A bat simulacrum (D:4)
  3 frilled lizards (D:2)
  13 rats
118 creatures vanquished.

Notes
Turn   | Place    | Note
-------+----------+-------------------------------------------
     0 | D:1      | porpoise the Hill Orc Monk began the quest for the Orb.
     0 | D:1      | Reached XP level 1. HP: 19/19 MP: 1/1
   516 | D:1      | Reached XP level 2. HP: 25/27 MP: 2/2
   899 | D:2      | Reached XP level 3. HP: 28/33 MP: 3/3
  1363 | D:2      | Reached XP level 4. HP: 37/41 MP: 4/4
  1428 | D:2      | Reached skill level 5 in Axes
  1691 | D:2      | Found an iron altar of Okawaru.
  2157 | D:3      | Reached XP level 5. HP: 21/47 MP: 5/5
  2162 | D:3      | Reached skill level 1 in Armour
  2169 | D:3      | Reached skill level 5 in Fighting
  2361 | D:3      | Noticed a black bear
  2381 | D:3      | Killed a black bear
  2382 | D:3      | Reached skill level 6 in Axes
  2382 | D:3      | Reached XP level 6. HP: 16/56 MP: 6/6
  3113 | D:4      | Reached skill level 7 in Axes
  3335 | D:4      | Found a shimmering altar of Xom.
  3406 | D:4      | Reached XP level 7. HP: 61/62 MP: 7/7
  3977 | D:5      | Entered Level 5 of the Dungeon
  4140 | D:5      | Reached skill level 8 in Axes
  4332 | D:5      | Reached XP level 8. HP: 50/71 MP: 8/8
  4768 | D:5      | Slain by a gnoll

Illustrated notes

Levels and vault maps discovered:
D:1:      minmay_arrival_stair_chambers, layout_basic
D:2:      layout_rooms, basic_altar, minmay_rat_gold_closets
D:3:      layout_loops_cross
D:4:      layout_basic, xom_butterflies, goddamned_bats
D:5:      layout_basic, temple_doors_cd, serial_corexii_hall,
          corexii_hall_statues_u, chequers_hall_statues_corner_a,
          chequers_hall_statues_wall_a, corexii_hall_statues_x

Skill      XL: |  1  2  3  4  5  6  7  8 |
---------------+-------------------------+-----
Fighting       | 4 5 6 |  6.6
Dodging        | 3 |  3.1
Axes           | 5 6 7 8 |  8.8
Armour         | 1 2 3 4 |  4.0

Action                     |  1- 3 |  4- 6 |  7- 9 || total
---------------------------+-------+-------+-------++-------
  Melee: Hand axe          |    92 |   171 |   104 ||   367
   Fire: Sling             |       |     9 |    13 ||    22
    Use: Scroll            |       |     3 |     3 ||     6
 Armour: Robe              |     9 |     7 |       ||    16
         Ring mail         |       |    28 |    63 ||    91
         Plate armour      |       |       |     2 ||     2
  Dodge: Dodged            |    52 |    99 |    93 ||   244

Table legend: (Time is in decaauts)
 A = Elapsed time spent in this place.
 B = Non-inter-level travel time spent in this place.
 C = Inter-level travel time spent in this place.
 D = Time resting spent in this place.
 E = Time spent auto-exploring this place.
 F = Levels seen in this place.
 G = Mean time per level.
                   A        B        C        D        E       F      G
               +--------+--------+--------+--------+--------+-----+--------+
         Total |   4765 |   4658 |    107 |   1229 |   2537 |   5 |  953.0 |
       Dungeon |   4765 |   4658 |    107 |   1229 |   2537 |   5 |  953.0 |
               +--------+--------+--------+--------+--------+-----+--------+

Top non-repeatable levels by time:
     D:3: 1109 daAuts
     D:2: 1038 daAuts
     D:4: 988 daAuts
     D:1: 843 daAuts
     D:5: 784 daAuts
